AoeStats
← Janko_22

Black Forest

507801252Analyzed
3v3 RM · 12d ago on Sep 19, 2026· 52m 24s· 6 players
Game mode
Random Map
Map size
Normal (6 player)
Population
200
Speed
Normal
Resources
Standard
Victory
Conquest
Starting age
Dark Age
Ending age
Imperial Age
RankedLock teamsTeams togetherTeam positionsShared explorationLock speedFull tech treeHidden civsTurbo modeCheats
Victory
Defeat
🇱🇻 Slavs · Latvia
857
+11
🇺🇸 Wei · United States
738
+16
🇩🇪 Romans · Germany
656
+18
🇦🇷 Goths · Argentina
800
-18
🇬🇧 Spanish · United Kingdom
706
-14
🇸🇰 Sicilians · Slovakia
685
-13
Cypress Fever
0:26 Loom
16:43 Feudal Age
23:30 Double-Bit Axe
26:32 Wheelbarrow
25:43 Horse Collar
25:58 Gold Mining
26:18 Stone Mining
33:07 Castle Age
35:50 Gold Shaft Mining
35:55 Stone Shaft Mining
35:29 Heavy Plow
35:48 Bow Saw
39:57 Imperial Age
38:59 Scale Barding Armor
39:05 Forging
40:44 Chain Barding Armor
40:57 Husbandry
41:08 Bloodlines
41:33 Hand Cart
41:42 Light Cavalry
43:31 Iron Casting
42:57 Scale Mail Armor
42:23 Pikeman
43:05 Squires
42:50 Arson
44:10 Ming Guang Armor
43:19 Elite Tiger Cavalry
44:09 Hussar
Janko_22
0:57 Loom
10:41 Feudal Age
12:46 Double-Bit Axe
18:16 Castle Age
16:29 Horse Collar
20:48 Wheelbarrow
26:05 Stone Mining
27:22 Heavy Plow
30:42 Imperial Age
28:07 Town Watch
30:29 Forging
30:20 Scale Mail Armor
30:36 Gold Mining
32:08 Iron Casting
31:40 Squires
31:01 Man-at-Arms
33:13 Caravan
32:41 Capped Ram
33:22 Long Swordsman
35:08 Blast Furnace
34:25 Chain Mail Armor
34:29 Hand Cart
35:14 Bow Saw
35:14 Bow Saw
35:48 Conscription
36:17 Legionary
36:24 Siege Ram
38:43 Gold Shaft Mining
39:17 Scale Barding Armor
41:23 Ballistas
40:44 Heavy Scorpion
AjeziSajirava
0:51 Loom
11:21 Feudal Age
12:13 Man-at-Arms
18:51 Castle Age
17:05 Double-Bit Axe
18:07 Horse Collar
19:27 Scale Mail Armor
19:25 Long Swordsman
20:20 Squires
22:05 Fletching
28:09 Heavy Plow
28:48 Gold Mining
32:48 Imperial Age
32:01 Forging
32:06 Chain Mail Armor
31:43 Pikeman
34:04 Iron Casting
33:00 Two-Handed Swordsman
35:02 Conscription
34:06 Capped Ram
34:47 Champion
37:05 Bloodlines
36:16 Light Cavalry
36:57 Husbandry
37:04 Cavalier
37:46 Halberdier
41:19 Wheelbarrow
42:15 Scale Barding Armor
43:31 Chemistry
43:23 Druzhina
45:28 Blast Furnace
45:25 Plate Mail Armor
46:30 Chain Barding Armor
45:59 Hussar
47:07 Onager
48:55 Plate Barding Armor
52:04 Detinets
Nashvane
2:19 Loom
14:50 Feudal Age
15:15 Double-Bit Axe
15:13 Horse Collar
16:36 Arson
19:06 Gold Mining
22:00 Wheelbarrow
23:55 Town Watch
28:11 Castle Age
26:54 Forging
26:44 Scale Mail Armor
26:11 Man-at-Arms
29:12 Hand Cart
29:25 Long Swordsman
30:05 Squires
32:37 Murder Holes
32:48 Pikeman
33:13 Gambesons
35:55 Iron Casting
35:35 Chain Mail Armor
35:38 Bow Saw
35:30 Heavy Plow
36:10 Gold Shaft Mining
35:27 Stone Mining
40:11 Imperial Age
38:26 Ballistics
38:35 Town Patrol
39:45 Masonry
41:55 Blast Furnace
41:25 Plate Mail Armor
40:54 Two-Handed Swordsman
42:32 Crop Rotation
42:47 Stone Shaft Mining
43:34 Arrowslits
43:13 Capped Ram
44:35 Siege Engineers
Samuel
2:46 Loom
13:43 Feudal Age
14:26 Double-Bit Axe
14:30 Horse Collar
15:44 Gold Mining
16:03 Town Watch
18:21 Wheelbarrow
17:57 Fishing Lines
20:57 Castle Age
22:00 Forging
21:55 Scale Barding Armor
22:48 Bow Saw
23:06 Bloodlines
23:00 Husbandry
23:17 Stone Mining
23:57 Caravan
28:35 Chain Barding Armor
28:51 Iron Casting
28:59 Murder Holes
29:45 Fortified Wall
29:54 Gillnets
30:50 Iron Casting
31:26 Hand Cart
36:17 Imperial Age
35:21 Masonry
37:47 Plate Barding Armor
36:48 Elite Conquistador
37:54 Cavalier
WarapEB
0:30 Loom
16:25 Feudal Age
16:57 Double-Bit Axe
16:57 Man-at-Arms
23:44 Forging
23:34 Scale Mail Armor
25:19 Horse Collar
28:14 Castle Age
27:21 Stone Mining
30:30 Squires
30:36 Heavy Plow
30:49 Bow Saw
34:27 Gold Mining
35:32 Long Swordsman
36:42 Crossbowman
38:16 Stone Shaft Mining
43:50 Imperial Age
41:57 Wheelbarrow
44:02 Capped Ram
45:09 Conscription
46:03 Two-Handed Swordsman
46:34 Onager
47:02 Champion
48:47 Pikeman
Connection lost

Rejoining the realm…

Still unreachable

The connection could not be restored.

Session expired

The server has moved on; the page needs a fresh start.